 Dungeon Crawl Stone Soup version 0.18.1-48-g4cf74bf (webtiles) character file.

101 HolyGrifer the Charmwright (level 4, 0/34 HPs)
             Began as a Merfolk Skald on Aug 16, 2016.
             Slain by an orc
             ... wielding a +0 trident
              (2 damage)
             ... on level 3 of the Dungeon.
             The game lasted 00:09:47 (2554 turns).

HolyGrifer the Charmwright (Merfolk Skald)          Turns: 2554, Time: 00:09:47

Health: 0/34       AC:  3    Str: 13    XL:     4   Next: 75%
Magic:  1/7        EV: 12    Int: 11    God:
Gold:   47         SH:  0    Dex: 13    Spells: 1 memorised, 6 levels left

rFire  x . .     SeeInvis .     a - +0 spear
rCold  + . .     Gourm    .     b - +0 leather armour
rNeg   . . .     Faith    .     (no shield)
rPois  .         Spirit   .     (no helmet)
rElec  .         Dismiss  .     (no cloak)
rCorr  .         Reflect  .     (no gloves)
SustAt .         Harm     .     (no boots)
MR     .....                    (no amulet)
Stlth  +.........               (no ring)
                                h - ring of ice

@: infused, not resistant to hostile enchantments, very unstealthy
A: change form in water, swift swim
a: no special abilities


You were on level 3 of the Dungeon.
You were very hungry.

You visited 1 branch of the dungeon, and saw 3 of its levels.

You collected 47 gold pieces.

Inventory:

Hand Weapons
 a - a +0 spear (weapon)
Armour
 b - a +0 leather armour (worn)
Jewellery
 h - a ring of ice (left hand)
Scrolls
 f - a scroll of immolation {unknown}
 g - a scroll of fog {unknown}
 i - 2 scrolls of identify
 j - a scroll of teleportation {unknown}
 o - a scroll of remove curse {unknown}
 p - a scroll of magic mapping {unknown}
Potions
 e - 3 potions of degeneration {unknown}
 k - 2 potions of curing {unknown}
 l - a potion of magic {unknown}
 m - a potion of heal wounds {unknown}
 n - a potion of ambrosia
 q - a potion of cure mutation {unknown}
Books
 c - a book of Battle

   Spells                             Type                      Level
   a - Infusion                       Charms                       1
   b - Shroud of Golubria             Charms/Translocation         2
   c - Song of Slaying                Charms                       2
   d - Spectral Weapon                Hexes/Charms                 3
   e - Regeneration                   Charms/Necromancy            3
Comestibles
 d - 5 bread rations


   Skills:
 + Level 2.9 Fighting
 + Level 3.7 Polearms
 + Level 1.3 Armour
 + Level 3.0 Dodging
 - Level 0.2 Stealth
 + Level 2.1 Spellcasting
 * Level 4.0 Charms


You had 6 spell levels left.
You knew the following spells:

 Your Spells              Type           Power        Failure   Level  Hunger
a - Infusion              Chrm           #...         10%         1    ##.....


Dungeon Overview and Level Annotations

Branches:
Dungeon (3/15)

Altars:


Message History

Casting: Infusion
Confirm with . or Enter, or press ? or * to list all spells.
You begin infusing your attacks with magical energy.
The orc hits you with a whip.
* * * LOW HITPOINT WARNING * * *
The orc closely misses you.
You closely miss the orc.
The orc is moderately wounded.
The orc closely misses you.
You hit the orc.
The orc is almost dead.
The orc barely misses you. The orc hits you with a whip.
* * * LOW HITPOINT WARNING * * *
The orc hits you but does no damage. x2
You hit the orc.
You kill the orc!
Your Charms skill increases to level 4!
The orc barely misses you.
The orc hits you from afar with a trident.
You die...

... #.# .. #.# #.#
..##.### #.# #.....#
#.# #.....# #.#
#.....# #.#
.####.....# #.#
#.........####.##
.####........@..#
##### #.#.######..#
#o.(# #
#.#......#o.# #.#.#
.#
#.#.####.#..####)#.#
#.# #.#.#
#.......#.# .#.#
#.#.### #.......#o#
#.#.## #.....#
####...##o#
.#.#.###...#+#...
♣≈...##)#
#.>...PP≈.....#
#PP...##.###


You could see an orc.

Vanquished Creatures
  5 adders
  An ooze (D:2)
  A dart slug (D:1)
  A giant gecko (D:1)
  4 orcs (D:3)
  4 giant cockroaches
  4 goblins (D:1)
  6 hobgoblins
  A kobold (D:3)
  A quokka (D:2)
  8 bats
  4 giant newts
  4 rats
44 creatures vanquished.

Notes
Turn   | Place    | Note
--------------------------------------------------------------
     0 | D:1      | HolyGrifer the Merfolk Skald began the quest for the Orb.
     0 | D:1      | Reached XP level 1. HP: 16/16 MP: 3/3
   218 | D:1      | Reached XP level 2. HP: 16/22 MP: 5/5
   677 | D:1      | Reached skill level 1 in Armour
  1095 | D:2      | Reached XP level 3. HP: 28/28 MP: 6/6
  1282 | D:2      | Reached XP level 4. HP: 9/34 MP: 5/7
  2547 | D:3      | HP: 1/34 [orc/whip (4)]
  2552 | D:3      | Reached skill level 4 in Charms
  2554 | D:3      | Slain by an orc

Skill      XL: |  1  2  3  4 |
---------------+-------------+-----
Armour         | 1 |  1.3
Dodging        | 2 3 |  3.0
Charms         | 4 |  4.0
Fighting       | |  2.9
Polearms       | |  3.7
Stealth        | |  0.2
Spellcasting   | |  2.1

Action                   |  1- 3 |  4- 6 || total
-------------------------+-------+-------++-------
Melee: Spear             |   131 |   126 ||   257
 Cast: Infusion          |     2 |     2 ||     4
  Use: Scroll            |       |     1 ||     1
 Stab: Sleeping          |     1 |     1 ||     2
  Eat: Chunk             |       |     4 ||     4
Armor: Leather armour    |    36 |    38 ||    74
Dodge: Dodged            |    92 |    98 ||   190
